 Dungeon Crawl Stone Soup version 0.30-a0-1157-g2cc9ac7196 (webtiles) character file.

Game seed: 14718036699019423932

8 ytrimaz the Shield-Bearer (level 2, 24/24 HPs)
             Began as a Demonspawn Fighter on Apr 24, 2023.
             Quit the game on level 1 of the Dungeon.
             The game lasted 00:00:46 (229 turns).

ytrimaz the Shield-Bearer (Demonspawn Fighter)       Turns: 229, Time: 00:00:46

Health: 24/24      AC:  8    Str: 16    XL:     2   Next: 0%
Magic:  2/2        EV:  8    Int:  9    God:
Gold:   10         SH:  4    Dex: 12    Spells: 1/1 levels left

rFire   . . .        a - +0 war axe
rCold   . . .        c - +0 buckler
rNeg    . . .        b - +0 scale mail
rPois   .            (no helmet)
rElec   .            (no cloak)
rCorr   .            (no gloves)
SInv    .            (no boots)
Will    .....        (no amulet) Stlth
                     (no ring)
HPRegen 0.24/turn    (no ring)
MPRegen 0.08/turn

%: no passive effects
@: no status effects
A: molten scales 1
a: no special abilities


You were on level 1 of the Dungeon.
You visited 1 branch of the dungeon, and saw 1 of its levels.

You collected 10 gold pieces.


Innate Abilities, Weirdness & Mutations

You are partially covered in molten scales. (AC +2)


   Skills:
 - Level 3.0 Fighting
 + Level 2.0 Axes
 - Level 2.6 Armour
 * Level 3.1 Shields


You had one spell level left.
You didn't know any spells.
Your spell library was empty.

Inventory:

Hand Weapons
 a - a +0 war axe (weapon)
Armour
 b - a +0 scale mail (worn)
 c - a +0 buckler (worn)
Scrolls
 e - 3 scrolls of teleportation {unknown}
Potions
 d - a potion of might
 f - 2 potions of resistance {unknown}

Dungeon Overview and Level Annotations

Branches:
Dungeon (1/15) Zot: 5765

Altars:

Shops:
D:1

* ..#####.#.# # .##
#....## # .. #.##..## #
## #.###..# # #.# ##.##
#
########.####..#########
......................(.
.#####..#####.#########
#@## #.## #
#..(...K.##..## #
#........###..# ##
#........# ##.## #.
########## #..#####.
##....... #......#
#......# ########


You could see a kobold.


Message History

Press ? for a list of commands and other information.
Found a scroll labelled FUTOINW NAFA.
Found a staircase leading out of the dungeon.
e - a scroll labelled FUTOINW NAFA A goblin comes into view.
It is wielding a +0 dagger.
The goblin shouts!
A goblin is nearby!
A goblin is nearby!
A goblin is nearby!
You see here 5 stones.
You barely miss the goblin. The goblin hits you but does no damage.
You barely miss the goblin. You block the goblin's attack.
The goblin closely misses you.
You hit the goblin but do no damage. You block the goblin's attack.
You hit the goblin.
The goblin hits you but does no damage. x2
Unknown command.
A goblin is nearby!
You miss the goblin. The goblin hits you but does no damage.
Unknown command.
You slash the goblin!
You kill the goblin!
No target in view!
You see here a +0 dagger.
Unknown command.
No target in view!
Found Quypt's Assorted Antiques.
An endoplasm and a rat come into view.
The endoplasm quivers.
There are monsters nearby!
There are monsters nearby!
The endoplasm jiggles.
The rat barely misses you.
There is an entrance to Quypt's Assorted Antiques here.
Unknown command.
You hit the endoplasm.
You kill the endoplasm!
You hit the rat.
You kill the rat!
No target in view!
Unknown command.
There is an entrance to Quypt's Assorted Antiques here.
e - 2 scrolls labelled FUTOINW NAFA (gained 1)
Found a stone staircase leading down.
A hobgoblin comes into view.
Found a stone staircase leading down.
The hobgoblin shouts!
The hobgoblin moves out of view.
A hobgoblin is nearby!
A dart slug comes into view.
There are monsters nearby!
You hit the hobgoblin.
You kill the hobgoblin!
Found a stone staircase leading down.
The dart slug launches a dart at you. The slug dart hits you. 😕 HP[-2]
You take 2 damage, and now have 16/18 hp.
Unknown command. 😕 HP[+1] Unknown command.
You hit the dart slug but do no damage. The dart slug bites you. 😕 HP[-1]
You take 1 damage, and now have 16/18 hp.
You slash the dart slug!
You kill the dart slug!
Your Axes skill increases to level 2!
Your Shields skill increases to level 3! 😕 HP[+1] Unknown command.
No target in view!
e - 3 scrolls labelled FUTOINW NAFA (gained 1)
There is a stone staircase leading down here.
Key pressed, stopping explore.
Key pressed, stopping explore.
f - 2 dark potions No target in view!
Key pressed, stopping explore.
A rat comes into view. 😎 HP[+1]
Your hp is fully restored (18).
The rat barely misses you.
A rat is nearby!
A rat is nearby!
You closely miss the rat. You block the rat's attack. x2
You completely miss the rat. The rat closely misses you.
You slash the rat!
You kill the rat!
You have reached level 2!
Your demonic ancestry asserts itself...
Molten scales grow over part of your body. 😎 HP[+6] MP[+1]
You now have 24 max hp (+6).
Your hp is fully restored (24).
Your mp is fully restored (2).
No target in view!
You now have 10 gold pieces.
You see here 4 stones.
Key pressed, stopping explore.
A kobold comes into view. It is wielding a +0 whip.
The kobold shouts!
Are you sure you want to abandon this character and quit the game? (Confirm with "yes".)

Skill      XL: |  1 |
---------------+----+-----
Axes           | 2 |  2.0
Shields        | 3 |  3.1
Fighting       | |  3.0
Armour         | |  2.6

Action                     || total
---------------------------++-------
  Melee: War axe           ||    13
 Armour: Scale mail        ||     4
  Dodge: Dodged            ||     4
  Block: Buckler           ||     4

Levels and vault maps discovered:
D:1:      tarquinn_simple_flora_water_a, layout_rooms, serial_shops, shop,
          chequers_garden

Notes
Turn   | Place    | Note
-------+----------+-------------------------------------------
     0 | D:1      | ytrimaz the Demonspawn Fighter began the quest for the Orb.
     0 | D:1      | Reached XP level 1. HP: 18/18 MP: 1/1
     0 | D:1      | magus.rc [v1.9.6]
    48 | D:1      | Found Quypt's Assorted Antiques.
    83 | D:1      | Reached skill level 2 in Axes
    83 | D:1      | Reached skill level 3 in Shields
   186 | D:1      | Gained mutation: You are partially covered in molten
                  | scales. (AC +2) [demonic ancestry]
   186 | D:1      | Reached XP level 2. HP: 24/24 MP: 2/2
   229 | D:1      | Quit the game

Vanquished Creatures
  A dart slug (D:1)
  An endoplasm (D:1)
  A goblin (D:1)
  A hobgoblin (D:1)
  2 rats (D:1)
6 creatures vanquished.

Table legend:
 A = Non-vault XP
 B = Vault XP
 C = Vault XP percentage of total XP
 D = Non-vault monster count
 E = Vault monster count
 F = Vault count percentage of total count
                 A         B        C        D         E       F
            +---------+---------+-------+---------+---------+-------
      Total |      12 |       0 |   0.0 |       6 |       0 |   0.0
            +---------+---------+-------+---------+---------+-------
        D:1 |      12 |       0 |   0.0 |       6 |       0 |   0.0
            +---------+---------+-------+---------+---------+-------

Skill      XL: |  1 |
---------------+----+-----
Axes           | 2 |  2.0
Shields        | 3 |  3.1
Fighting       | |  3.0
Armour         | |  2.6

Action                     || total
---------------------------++-------
  Melee: War axe           ||    13
 Armour: Scale mail        ||     4
  Dodge: Dodged            ||     4
  Block: Buckler           ||     4

Illustrated notes

Table legend:
 A = Kills in this place as a percentage of kills in the entire game.
 B = Kills by you in this place as a percentage of kills by you in the entire game.
 C = Kills by friends in this place as a percentage of kills by friends in the entire game.
 D = Other kills in this place as a percentage of other kills in the entire game.
 E = Experience gained in this place as a percentage of experience gained in the entire game.
 F = Experience gained in this place divided by the number of levels of this place that you have seen.
                   A       B       C       D       E      F
               +-------+-------+-------+-------+-------+----------------------
         Total | 100.0 | 100.0 |   N/A |   N/A | 100.0 |  12.0
       Dungeon | 100.0 | 100.0 |   N/A |   N/A | 100.0 |  12.0
               +-------+-------+-------+-------+-------+----------------------

Table legend: (Time is in decaauts)
 A = Elapsed time spent in this place.
 B = Non-inter-level travel time spent in this place.
 C = Inter-level travel time spent in this place.
 D = Time resting spent in this place.
 E = Time spent auto-exploring this place.
 F = Levels seen in this place.
 G = Mean time per level.
                   A        B        C        D        E       F      G
               +--------+--------+--------+--------+--------+-----+--------+
         Total |    234 |    234 |      0 |      0 |    186 |   1 |  234.0 |
       Dungeon |    234 |    234 |      0 |      0 |    186 |   1 |  234.0 |
               +--------+--------+--------+--------+--------+-----+--------+

Top non-repeatable levels by time:
     D:1: 234 daAuts
